 Dungeon Crawl Stone Soup version 0.25-a0-294-gea9b1ad378 (webtiles) character file.

Game seed: 16913387709076151595, levelgen mode: classic

1229 Borgoz the Covered (level 8, 0/75 HPs)
             Began as a Gargoyle Berserker on Dec 18, 2019.
             Was a Priest of Trog.
             Slain by a two-headed ogre
             ... wielding a cursed +0 giant club
              (14 damage)
             ... on level 6 of the Dungeon.
             The game lasted 00:08:22 (5649 turns).

Borgoz the Covered (Gargoyle Berserker)             Turns: 5649, Time: 00:08:23

Health: 0/75       AC: 15    Str: 26    XL:     8   Next: 48%
Magic:  17/17      EV: 13    Int:  8    God:    Trog [***...]
Gold:   201        SH:  0    Dex: 11    Spells: 7/7 levels left

rFire    . . .     SeeInvis .   a - +0 falchion
rCold    + . .     Gourm    .   (no shield)
rNeg     + . .     Faith    .   m - +2 leather armour {rC+}
rPois    ∞         Spirit   .   v - +0 helmet
rElec    +         Reflect  .   i - +0 cloak
rCorr    .         Harm     .   z - +0 pair of gloves
MR       +....                  (no boots)
Stlth    ..........             (no amulet)
HPRegen  0.22/turn              q - ring of protection from magic
MPRegen  0.15/turn              e - ring of magical power

@: berserking, very quick
A: negative energy resistance 1, electricity resistance, unbreathing,
petrification resistance, rot immunity, AC +5
a: Berserk, Trog's Hand, Renounce Religion


You were on level 6 of the Dungeon.
You worshipped Trog.
Trog was most pleased with you.
You were very hungry.

You visited 1 branch of the dungeon, and saw 6 of its levels.

You collected 201 gold pieces.

Inventory:

Hand Weapons
 a - a +0 falchion (weapon)
Armour
 i - a +0 cloak (worn)
 m - a +2 leather armour of cold resistance (worn)
 v - a +0 helmet (worn)
 z - a +0 pair of gloves (worn)
Jewellery
 e - a ring of magical power (right hand)
 q - a ring of protection from magic (left hand)
Wands
 u - a wand of flame (16)
 x - a wand of clouds (4)
 y - a wand of scattershot (5)
Scrolls
 d - a scroll of magic mapping
 g - 5 scrolls of teleportation
 j - 2 scrolls of random uselessness {unknown}
 k - a scroll of remove curse
 l - a scroll of enchant armour {unknown}
 A - a scroll of blinking {unknown}
Potions
 b - 3 potions of haste {unknown}
 h - 5 potions of curing
 o - a potion of magic {unknown}
 p - a potion of berserk rage
 r - a potion of flight
 t - a potion of might
Comestibles
 c - 16 rations
 f - 8 chunks of flesh


   Skills:
 + Level 5.5 Fighting
 * Level 5.8 Long Blades
 * Level 6.6 Armour
 + Level 3.5 Dodging


You had 7 spell levels left.
You didn't know any spells.
Your spell library was empty.

Dungeon Overview and Level Annotations

Branches:
Dungeon (6/15)             Temple (0/1) D:4

Altars:
Dithmenos
Gozag
Makhleb
Nemelex Xobeh
Uskayaw
Vehumet
Yredelemnul
The Shining One


Innate Abilities, Weirdness & Mutations

You are resistant to torment.
Your stone body is resilient. (AC +5)
You are immune to poison.
You resist negative energy. (rN+)
You are resistant to electric shocks. (rElec)
You can survive without breathing.
You are immune to petrification.
You are immune to rotting.


Message History

You hit the two-headed ogre.
The two-headed ogre is lightly wounded.
The two-headed ogre closely misses you. x2
You barely miss the two-headed ogre.
The two-headed ogre is lightly wounded.
You slash the two-headed ogre!
The two-headed ogre is heavily wounded.
The two-headed ogre barely misses you. The two-headed ogre misses you.
You barely miss the two-headed ogre.
The two-headed ogre is heavily wounded.
You hit the two-headed ogre.
The two-headed ogre is heavily wounded.
The two-headed ogre hits you but does no damage.
The two-headed ogre misses you.
You barely miss the two-headed ogre.
The two-headed ogre is heavily wounded.
You hit the two-headed ogre.
The two-headed ogre is heavily wounded.
The two-headed ogre hits you with a cursed +0 giant club!
You die...

......#.## ......#.#
.....##.# .....#.##
.....#.# .......#####
#####
....#.##...###...##
....#(#..#..#..#..##
......(..##...##@..#
...#.....###.###O...#
...#..###)##.#
.###..#
....#..###.#.#.# ..#
..#.##..####.## #.#
##..###.....♣. .#
....##..####.# .#
###....###.#.#
##..###)##.#


You could see a two-headed ogre.

Vanquished Creatures
  Grinder (D:5)
  Prince Ribbit (D:5)
  A phantom (D:4)
  A centaur (D:6)
  Blork the orc (D:5)
  A centaur zombie (D:5)
  2 bullfrog zombies (D:5)
  A jelly (D:3)
  A hound (D:5)
  2 orc wizards
  Crazy Yiuf (D:5)
  An orc priest (D:6)
  A bullfrog skeleton (D:5)
  Terence (D:2)
  A worker ant (D:6)
  A hound zombie (D:5)
  A worker ant zombie (D:5)
  7 gnolls
  3 adders
  2 shadow imps
  2 adder zombies
  2 worms (D:2)
  6 dart slugs
  5 leopard geckos
  17 orcs
  4 giant cockroaches
  3 goblins
  6 hobgoblins
  11 jackals
  4 quokkas
  6 bats
  3 frilled lizards
  10 kobolds
  A quokka skeleton (D:4)
  10 rats
121 creatures vanquished.

Notes
Turn   | Place    | Note
-------+----------+-------------------------------------------
     0 | D:1      | Borgoz the Gargoyle Berserker began the quest for the Orb.
     0 | D:1      | Reached XP level 1. HP: 14/14 MP: 1/1
    57 | D:1      | Reached XP level 2. HP: 16/19 MP: 2/2
   677 | D:1      | Reached XP level 3. HP: 12/23 MP: 3/3
  1034 | D:2      | Reached skill level 3 in Armour
  1036 | D:2      | Noticed Terence
  1046 | D:2      | Killed Terence
  1046 | D:2      | Reached XP level 4. HP: 20/29 MP: 4/4
  1065 | D:2      | Reached ** piety under Trog
  1543 | D:2      | Reached XP level 5. HP: 28/33 MP: 5/5
  2289 | D:3      | Found a sparkling altar of Nemelex Xobeh.
  2308 | D:3      | HP: 1/49 [orc (3)]
  2859 | D:3      | Reached skill level 4 in Armour
  2965 | D:3      | Found a basalt altar of Yredelemnul.
  3050 | D:3      | Reached *** piety under Trog
  3058 | D:3      | Reached XP level 6. HP: 38/38 MP: 6/6
  3096 | D:3      | Found a glowing golden altar of the Shining One.
  3097 | D:3      | Found an opulent altar of Gozag.
  3097 | D:3      | Found a burning altar of Makhleb.
  3097 | D:3      | Found a hide-covered altar of Uskayaw.
  3122 | D:3      | Found a basalt altar of Yredelemnul.
  3453 | D:4      | Found a shadowy altar of Dithmenos.
  3481 | D:4      | Noticed a phantom
  3544 | D:4      | Killed a phantom
  3887 | D:4      | Found a staircase to the Ecumenical Temple.
  4463 | D:5      | Entered Level 5 of the Dungeon
  4539 | D:5      | Reached skill level 5 in Armour
  4539 | D:5      | Reached XP level 7. HP: 41/44 MP: 7/7
  4611 | D:5      | Noticed Grinder
  4914 | D:5      | Killed Grinder
  4914 | D:5      | Reached skill level 5 in Fighting
  4914 | D:5      | Reached skill level 5 in Long Blades
  5007 | D:5      | Found a radiant altar of Vehumet.
  5058 | D:5      | Noticed Blork the orc
  5072 | D:5      | Killed Blork the orc
  5073 | D:5      | Reached XP level 8. HP: 49/49 MP: 8/8
  5101 | D:5      | Noticed Prince Ribbit
  5117 | D:5      | Reached skill level 6 in Armour
  5131 | D:5      | Killed Prince Ribbit
  5319 | D:5      | Found a runed translucent door.
  5320 | D:5      | Noticed Crazy Yiuf
  5341 | D:5      | Killed Crazy Yiuf
  5637 | D:6      | Noticed a two-headed ogre
  5649 | D:6      | Slain by a two-headed ogre

Levels and vault maps discovered:
D:1:      scummos_arrival_hexagon, layout_basic
D:2:      layout_basic, uniq_terence
D:3:      layout_loops_ring, lemuel_doored_altar,
          chequers_temple_overflow_statue_of_worship,
          nemelex_xobeh_ov_fountains_minmay, yredelemnul_altar_generic
D:4:      layout_cave_pods, overflow_temple_1_default,
          minmay_temple_entry_offerings, first_ration
D:5:      layout_rooms, old_standard_altar, uniq_crazy_yiuf_cottage,
          uniq_prince_ribbit1, uniq_grinder, uniq_blork_the_orc
D:6:      layout_cave_pods, kb_rosetta

Skill      XL: |  1  2  3  4  5  6  7  8 |
---------------+-------------------------+-----
Long Blades    | 3 4 5 |  5.8
Armour         | 3 4 5 6 |  6.6
Dodging        | 2 3 |  3.5
Fighting       | 4 5 |  5.5

Action                   |  1- 3 |  4- 6 |  7- 9 || total
-------------------------+-------+-------+-------++-------
Melee: Falchion          |    84 |   243 |   172 ||   499
       Unarmed           |       |       |     3 ||     3
Throw: Throwing net      |       |       |     1 ||     1
Invok: Berserk           |     1 |     5 |     4 ||    10
       Trog's Hand       |       |       |     2 ||     2
  Use: Potion            |       |     1 |       ||     1
       Scroll            |       |     1 |     7 ||     8
 Stab: Sleeping          |     1 |     1 |       ||     2
  Eat: Chunk             |       |    14 |     4 ||    18
       Ration            |       |     1 |     1 ||     2
Armor: Animal skin       |    39 |    24 |       ||    63
       Leather armour    |       |    77 |   100 ||   177
Dodge: Dodged            |    62 |   130 |   133 ||   325
       Rpst.: Falchion   |    19 |    39 |    44 ||   102

Table legend:
 A = Non-vault XP
 B = Vault XP
 C = Vault XP percentage of total XP
 D = Non-vault monster count
 E = Vault monster count
 F = Vault count percentage of total count
                 A         B        C        D         E       F
            +---------+---------+-------+---------+---------+-------
      Total |     898 |     859 |  48.9 |     114 |       7 |   5.8
            +---------+---------+-------+---------+---------+-------
        D:1 |      37 |       0 |   0.0 |      20 |       0 |   0.0
        D:2 |     109 |      36 |  24.8 |      31 |       1 |   3.1
        D:3 |     151 |       0 |   0.0 |      23 |       0 |   0.0
        D:4 |     202 |       0 |   0.0 |      15 |       0 |   0.0
        D:5 |     342 |     672 |  66.3 |      22 |       4 |  15.4
        D:6 |      57 |     151 |  72.6 |       3 |       2 |  40.0
            +---------+---------+-------+---------+---------+-------
